 Dungeon Crawl Stone Soup version 0.25-a0-547-g27a0b5d1ef (webtiles) character file.

Game seed: 11393823914884984711, levelgen mode: deterministic

805 drasked the Covert (level 7, -11/32 HPs)
             Began as a Spriggan Enchanter on Feb 21, 2020.
             Was an Initiate of Gozag.
             Shot with an arrow by a centaur (15 damage)
             ... on level 5 of the Dungeon.
             The game lasted 00:19:47 (6567 turns).

drasked the Covert (Spriggan Enchanter)             Turns: 6567, Time: 00:19:48

Health: -11/32     AC:  2    Str:  4    XL:     7   Next: 60%
Magic:  18/18      EV: 18    Int: 19    God:    Gozag
Gold:   243        SH:  0    Dex: 16    Spells: 11/20 levels left

rFire    . . .     SeeInvis +   d - +4 hunting sling
rCold    . . .     Gourm    .   (shield restricted)
rNeg     + . .     Faith    .   b - +0 robe
rPois    +         Spirit   .   (helmet restricted)
rElec    .         Reflect  .   (no cloak)
rCorr    .         Harm     .   (gloves unavailable)
MR       +....                  (boots unavailable)
Stlth    ++++......             (no amulet)
HPRegen  0.10/turn              P - ring of poison resistance {rPois, !d}
MPRegen  0.16/turn              N - ring of positive energy {rN+rN+}

@: very quick
A: very small, unfitting armour, see invisible, herbivore, speed 3, slow
metabolism 2
a: Potion Petition, Call Merchant, Bribe Branch, Renounce Religion


You were on level 5 of the Dungeon.
You worshipped Gozag.
Gozag was aware of your devotion.
You were not hungry.

You visited 2 branches of the dungeon, and saw 6 of its levels.

You collected 290 gold pieces.
You paid 47 gold pieces to Gozag.

Inventory:

Hand Weapons
 a - a +1 dagger
 d - a +4 hunting sling (weapon)
   (You found it on level 1 of the Dungeon)
Missiles
 l - 41 poisoned darts
 n - 8 atropa-tipped darts
 Q - 97 stones (quivered)
Armour
 b - a +0 robe (worn)
Jewellery
 o - an uncursed ring of fire {rF+, rC-rF+, rC-}
   (You found it on level 4 of the Dungeon)
 N - a ring of positive energy (right hand) {rN+rN+}
   (You found it on level 3 of the Dungeon)
 P - a ring of poison resistance (left hand) {rPois, !d}
   (You found it on level 1 of the Dungeon)
Wands
 u - a wand of iceblast (7)
   (You found it on level 5 of the Dungeon)
 D - a wand of digging (5)
   (You found it on level 3 of the Dungeon)
Scrolls
 c - 8 scrolls of identify {unknown}
 k - 3 scrolls of teleportation {unknown}
 m - a scroll of blinking {unknown}
 s - a scroll of noise {unknown}
 t - a scroll of magic mapping {unknown}
 w - 6 scrolls of remove curse
Potions
 f - a potion of berserk rage {unknown}
 g - a potion of lignification {unknown}
 h - a potion of flight {unknown}
 i - 2 potions of ambrosia {unknown}
 j - a potion of resistance
 p - 2 potions of degeneration {unknown}
 q - 4 potions of curing
 r - a potion of haste {unknown}
Comestibles
 e - 12 rations


   Skills:
 + Level 4.6 Short Blades
 - Level 3.0 Dodging
 + Level 8.0 Stealth
 - Level 7.0 Spellcasting
 + Level 4.2 Hexes
 + Level 1.2 Ice Magic


You had 11 spell levels left.
You knew the following spells:

 Your Spells              Type           Power        Failure   Level  Hunger
a - Ensorcelled Hibernat  Hex/Ice        ###...       4%          2    None
b - Confusing Touch       Hex            ###.....     5%          3    #......
c - Tukima's Dance        Hex            ###.....     5%          3    #......
v - Corona                Hex            ###....      1%          1    None

Your spell library contained the following spells:

 Spells                   Type           Power        Failure   Level  Hunger
 Dazzling Flash           Conj/Hex       ##....       13%         3    #......


Dungeon Overview and Level Annotations

Branches:
Dungeon (5/15)             Temple (1/1) D:4

Altars:
Ashenzari
Dithmenos
Elyvilon
Fedhas
Gozag
Hepliaklqana
Kikubaaqudgha
Makhleb
Nemelex Xobeh
Okawaru
Qazlal
Trog
Uskayaw
Vehumet
Wu Jian
Xom
Yredelemnul
Zin
The Shining One


Innate Abilities, Weirdness & Mutations

You are very small and have problems with some larger weapons.
You are too small for most types of armour.
You have supernaturally acute eyesight. (SInv)
You are a herbivore.
You cover ground extremely quickly.
You need to consume almost no food.


Message History

Firing (i - inventory. (/) - cycle)
Q - 110 stones (quivered)
Aim: a bullfrog zombie (lightly damaged)
You shoot a stone. The stone hits the bullfrog zombie.
Firing (i - inventory. (/) - cycle)
Q - 109 stones (quivered)
Aim: a bullfrog zombie (moderately damaged)
You shoot a stone. The stone hits the bullfrog zombie.
Firing (i - inventory. (/) - cycle)
Q - 108 stones (quivered)
Aim: a bullfrog zombie (moderately damaged)
You shoot a stone. The stone hits the bullfrog zombie.
Firing (i - inventory. (/) - cycle)
Q - 107 stones (quivered)
Aim: a bullfrog zombie (heavily damaged)
You shoot a stone. The stone hits the bullfrog zombie!
The bullfrog zombie completely misses you.
Firing (i - inventory. (/) - cycle)
Q - 106 stones (quivered)
Aim: a bullfrog zombie (severely damaged)
You shoot a stone. The stone hits the bullfrog zombie!
The bullfrog zombie misses you. The bullfrog zombie hits you.
Firing (i - inventory. (/) - cycle)
Q - 105 stones (quivered)
Aim: a bullfrog zombie (almost destroyed)
You shoot a stone. The stone hits the bullfrog zombie.
You destroy the bullfrog zombie!
Your Stealth skill increases to level 8!
You now have 243 gold pieces (gained 5).
Q - 107 stones (gained 3)
Q - 108 stones (gained 1)
You start resting.
Q - 109 stones (gained 1)
Q - 110 stones (gained 1)
The centaur shouts!
The centaur wields a +0 shortbow.
The centaur shoots an arrow.
The arrow misses you.
You see here an arrow.
You open the door.
Found a blossoming altar of Fedhas.
The white imp is too close now for your liking.
Firing (i - inventory. (/) - cycle)
Q - 110 stones (quivered)
Aim: a white imp (hasn't noticed you)
You shoot a stone. The white imp shouts!
The stone hits the white imp!
Firing (i - inventory. (/) - cycle)
Q - 109 stones (quivered)
Aim: a white imp (severely wounded)
You shoot a stone. The stone hits the white imp.
The white imp gestures at you. The puff of frost hits you!
* * * LOW HITPOINT WARNING * * *
An ice beast comes into view.
You are too injured to fight recklessly!
Firing (i - inventory. (/) - cycle)
Q - 108 stones (quivered)
Aim: a white imp (almost dead)
You shoot a stone. The stone barely misses the white imp.
Firing (i - inventory. (/) - cycle)
Q - 107 stones (quivered)
Aim: a white imp (almost dead)
You shoot a stone.
The stone hits the white imp but does no damage.
Firing (i - inventory. (/) - cycle)
Q - 106 stones (quivered)
Aim: a white imp (almost dead)
You shoot a stone. The stone barely misses the white imp.
Firing (i - inventory. (/) - cycle)
Q - 105 stones (quivered)
Aim: a white imp (almost dead)
You shoot a stone. The stone barely misses the white imp.
Firing (i - inventory. (/) - cycle)
Q - 104 stones (quivered)
Aim: a white imp (almost dead)
You shoot a stone.
The stone completely misses the white imp.
The white imp gestures at you. The puff of frost hits you.
* * * LOW HITPOINT WARNING * * *
Firing (i - inventory. (/) - cycle)
Q - 103 stones (quivered)
Aim: a white imp (almost dead)
You shoot a stone. The stone closely misses the white imp.
The stone barely misses the ice beast.
The white imp gestures at you. The puff of frost misses you.
Firing (i - inventory. (/) - cycle)
Q - 102 stones (quivered)
Aim: a white imp (almost dead)
You shoot a stone. The stone hits the white imp.
You kill the white imp!
Firing (i - inventory. (/) - cycle)
Q - 101 stones (quivered)
Aim: an ice beast You shoot a stone.
The stone barely misses the ice beast.
Firing (i - inventory. (/) - cycle)
Q - 100 stones (quivered)
Aim: an ice beast You shoot a stone.
The stone hits the ice beast.
Firing (i - inventory. (/) - cycle)
Q - 99 stones (quivered)
Aim: an ice beast (lightly wounded)
You shoot a stone. The stone hits the ice beast.
Firing (i - inventory. (/) - cycle)
Q - 98 stones (quivered)
Aim: an ice beast (lightly wounded)
You shoot a stone. The stone hits the ice beast.
The centaur shouts!
The centaur shoots an arrow.
The arrow barely misses you.
The centaur shoots an arrow.
The arrow completely misses you.
You see here an arrow.
The centaur shoots an arrow.
The arrow hits you!
* * * LOW HITPOINT WARNING * * *
You see here an arrow.
The centaur shoots an arrow.
The arrow hits you!
You die...
Your body crumbles into a pile of gold.

##........c.(###.#..........#..#
##.###...##(## #.#..........#.##
...##.§..##.####...###..###...#
####.._..##.c..c..## #..# ##..#
###..§.###..###.## ##..## ##.#
#......# #..# #.####....####.#
#.####.# #..# #..##..##..##..#
#.# #.# #..# #..............#
##.####.###..###@##.####.#..###
<..........................##
##.####..###.###############
#.#.........# #.#.##...####
#......#.# ###.##.<.# #.##.###
##.##.#


You could see a centaur.

Levels and vault maps discovered:
D:1:      giann_forest_graveyard, layout_rooms, minmay_misc_feat_iff
D:2:      layout_loops_cross, dancing_weapons_uskayaw
D:3:      layout_basic, lemuel_crystal_altar, uniq_grinder
D:4:      layout_rooms, chequers_temple_overflow_statue_of_worship,
          minmay_temple_entry_proselytizer, first_ration, grunt_ministairs_3,
          kennysheep_generic_room_8
D:5:      minmay_skewed_foursquare, layout_loops_ring, kennysheep_little_box,
          grunt_dithmenos_smoke, nicolae_tso_besieged_by_evil, kennysheep_mini,
          palyth_stone_intersect
Temple:   jpeg_temple_island

Notes
Turn   | Place    | Note
-------+----------+-------------------------------------------
     0 | D:1      | drasked the Spriggan Enchanter began the quest for the Orb.
     0 | D:1      | Reached XP level 1. HP: 9/9 MP: 5/5
    53 | D:1      | Identified a +0 club
    97 | D:1      | Identified a +0 club
   114 | D:1      | Reached skill level 3 in Spellcasting
   207 | D:1      | Identified a +0 dagger
   268 | D:1      | Identified a cursed -3 dagger
   270 | D:1      | Reached XP level 2. HP: 13/13 MP: 7/7
   275 | D:1      | Identified a +0 club
   377 | D:1      | Identified a +0 dagger
   729 | D:1      | Identified a ring of poison resistance (You found it on
                  | level 1 of the Dungeon)
   730 | D:1      | Identified a +4 hunting sling (You found it on level 1 of
                  | the Dungeon)
   901 | D:2      | Identified a +0 dagger
   901 | D:2      | Noticed a +0 dagger
   902 | D:2      | Identified a +0 hand axe
   902 | D:2      | Noticed a +0 hand axe
   914 | D:2      | Found a hide-covered altar of Uskayaw.
  1058 | D:2      | Identified a +0 club
  1059 | D:2      | Identified a +0 whip
  1059 | D:2      | Identified a +0 club
  1061 | D:2      | Identified a +0 halberd
  1069 | D:2      | Reached skill level 5 in Stealth
  1069 | D:2      | Reached XP level 3. HP: 16/16 MP: 9/9
  1075 | D:2      | Reached skill level 2 in Short Blades
  1088 | D:2      | Reached skill level 4 in Spellcasting
  1507 | D:2      | Reached XP level 4. HP: 21/21 MP: 11/11
  1599 | D:3      | Identified a +0 dagger
  1660 | D:3      | Identified a +0 club
  1674 | D:3      | Identified a +0 short sword
  1679 | D:3      | Identified a +0 dagger
  1679 | D:3      | Identified a +0 robe
  1687 | D:3      | Identified a cursed -2 dagger
  1969 | D:3      | Found a burning altar of Makhleb.
  2099 | D:3      | Identified a +0 flail
  2099 | D:3      | Identified a +0 leather armour
  2099 | D:3      | Identified a +0 trident
  2099 | D:3      | Identified a +0 dagger
  2099 | D:3      | Identified a +0 robe
  2100 | D:3      | Identified a +1 dagger
  2102 | D:3      | Identified a +0 club
  2129 | D:3      | Identified a potion of heal wounds
  2130 | D:3      | Identified a potion of curing
  2290 | D:1      | Identified a ring of positive energy (You found it on level
                  | 3 of the Dungeon)
  2540 | D:2      | Reached skill level 5 in Spellcasting
  2540 | D:2      | Reached XP level 5. HP: 24/24 MP: 11/13
  2544 | D:2      | Learned a level 2 spell: Ensorcelled Hibernation
  2548 | D:2      | Learned a level 3 spell: Confusing Touch
  2552 | D:2      | Learned a level 3 spell: Tukima's Dance
  2585 | D:2      | Reached skill level 6 in Stealth
  2850 | D:3      | Reached skill level 3 in Short Blades
  2904 | D:3      | Noticed Grinder
  2932 | D:3      | Paralysed by Grinder for 5 turns
  2944 | D:3      | Paralysed by Grinder for 4 turns
  2955 | D:3      | Paralysed by Grinder for 5 turns
  2963 | D:3      | Paralysed by Grinder for 2 turns
  3208 | D:3      | Paralysed by Grinder for 7 turns
  3225 | D:3      | Paralysed by Grinder for 3 turns
  3289 | D:3      | Killed Grinder
  3289 | D:3      | Reached skill level 6 in Spellcasting
  3289 | D:3      | Reached XP level 6. HP: 24/28 MP: 14/16
  3945 | D:4      | Found a hazy altar of Hepliaklqana.
  3946 | D:4      | Found a sparkling altar of Nemelex Xobeh.
  3946 | D:4      | Found a glowing silver altar of Zin.
  3947 | D:4      | Found a radiant altar of Vehumet.
  4315 | D:4      | Reached skill level 7 in Stealth
  4327 | D:4      | Identified a ring of teleportation (You found it on level 4
                  | of the Dungeon)
  4328 | D:4      | Identified 6 scrolls of remove curse
  4386 | D:4      | Found a staircase to the Ecumenical Temple.
  4386 | D:4      | Identified a cursed -3 dagger
  4386 | D:4      | Identified a +0 leather armour
  4421 | Temple   | Entered the Ecumenical Temple
  4764 | Temple   | Became a worshipper of Gozag Ym Sagoz the Greedy
  4915 | D:4      | Reached skill level 4 in Short Blades
  4915 | D:4      | Reached skill level 7 in Spellcasting
  4915 | D:4      | Reached XP level 7. HP: 32/32 MP: 16/18
  5085 | D:4      | Identified a +0 giant club
  5235 | D:5      | Entered Level 5 of the Dungeon
  5243 | D:5      | Found a shadowy altar of Dithmenos.
  5283 | D:5      | Reached skill level 4 in Hexes
  5399 | D:5      | Identified a +0 hand axe
  5528 | D:5      | Identified a +0 shortbow
  5721 | D:5      | Identified a +0 shortbow
  5759 | D:5      | Identified a ring of fire (You found it on level 4 of the
                  | Dungeon)
  5838 | D:5      | Found an ancient bone altar of Kikubaaqudgha.
  5849 | D:5      | Found a glowing golden altar of the Shining One.
  6002 | D:5      | Reached skill level 1 in Ice Magic
  6412 | D:5      | Reached skill level 8 in Stealth
  6507 | D:5      | Found a blossoming altar of Fedhas.
  6562 | D:5      | HP: 4/32 [centaur/arrow (14)]
  6567 | D:5      | Shot with an arrow by a centaur

Table legend:
 A = Turns spent in this place as a percentage of turns spent in the entire game.
 B = Non-inter-level travel turns spent in this place as a percentage of non-inter-level travel turns spent in the entire game.
 C = Inter-level travel turns spent in this place as a percentage of turns spent in this place.
 D = Turns resting spent in this place as a percentage of non-inter-level travel turns spent in this place.
 E = Turns spent auto-exploring this place as a percentage of non-inter-level travel turns spent in this place.
 F = Non-inter-level travel turns spent in this place divided by the number of levels of this place that you've seen.
                   A       B       C       D       E      F
               +-------+-------+-------+-------+-------+----------------------
         Total | 100.0 | 100.0 |   3.3 |  28.0 |  49.6 | 1058.5
       Dungeon |  94.3 |  94.9 |   2.7 |  27.8 |  48.8 | 1204.8
        Temple |   5.7 |   5.1 |  13.0 |  31.2 |  66.1 | 327.0
               +-------+-------+-------+-------+-------+----------------------

Table legend:
 A = Kills in this place as a percentage of kills in entire the game.
 B = Kills by you in this place as a percentage of kills by you in the entire game.
 C = Kills by friends in this place as a percentage of kills by friends in the entire game.
 D = Other kills in this place as a percentage of other kills in the entire game.
 E = Experience gained in this place as a percentage of experience gained in the entire game.
 F = Experience gained in this place divided by the number of levels of this place that you have seen.
                   A       B       C       D       E      F
               +-------+-------+-------+-------+-------+----------------------
         Total | 100.0 | 100.0 |   N/A |   N/A | 100.0 | 191.7
       Dungeon | 100.0 | 100.0 |   N/A |   N/A | 100.0 | 230.0
               +-------+-------+-------+-------+-------+----------------------

Skill      XL: |  1  2  3  4  5  6  7 |
---------------+----------------------+-----
Spellcasting   | 3 4 5 6 7 |  7.0
Stealth        | 5 6 7 8 |  8.0
Short Blades   | 2 3 4 |  4.6
Hexes          | 4 |  4.2
Ice Magic      | 1 |  1.2
Dodging        | |  3.0

Action                   |  1- 3 |  4- 6 |  7- 9 || total
-------------------------+-------+-------+-------++-------
Melee: Dagger            |    41 |    26 |     1 ||    68
 Fire: Hunting sling     |    46 |   148 |    96 ||   290
Throw: Stone             |     9 |       |       ||     9
 Cast: Ensorcelled Hiber |       |     5 |     1 ||     6
  Use: Potion            |       |     2 |       ||     2
       Scroll            |       |     1 |       ||     1
 Stab: Sleeping          |     5 |     3 |     1 ||     9
  Eat: Ration            |       |     1 |       ||     1
Armor: Robe              |     4 |     3 |     1 ||     8
Dodge: Dodged            |    30 |    49 |    14 ||    93

Vanquished Creatures
  Grinder (D:3)
  A phantom (D:4)
  An ogre (D:4)
  A howler monkey (D:4)
  A bullfrog zombie (D:5)
  2 jellies (D:5)
  2 orc priests
  A centaur skeleton (D:4)
  2 orc wizards
  A worker ant (D:5)
  4 gnolls (D:2)
  A worker ant zombie (D:5)
  3 adders
  A white imp (D:5)
  A worm (D:2)
  4 dart slugs (D:3)
  2 leopard geckos
  6 orcs
  A ball python (D:3)
  6 giant cockroaches
  5 goblins
  2 hobgoblins (D:1)
  5 quokkas
  A bat (D:2)
  4 frilled lizards
  A goblin zombie (D:5)
  2 hobgoblin zombies (D:5)
  4 kobolds
  4 orc skeletons (D:5)
  An orc zombie (D:5)
  10 rats
81 creatures vanquished.
